 Dungeon Crawl Stone Soup version 0.25.0-11-g1f837a76a1 (webtiles) character file.

Game seed: 9091747454518855335

9 Esekla the Firebug (level 2, -1/22 HPs)
             Began as a Deep Dwarf Fire Elementalist on June 25, 2020.
             Slain by a quokka (2 damage)
             ... on level 2 of the Dungeon.
             The game lasted 00:03:27 (269 turns).

Esekla the Firebug (Deep Dwarf Fire Elementalist)    Turns: 269, Time: 00:03:27

Health: -1/22      AC:  3    Str: 11    XL:     2   Next: 6%
Magic:  1/5        EV: 12    Int: 15    God:
Gold:   70         SH:  0    Dex: 13    Spells: 4/5 levels left

rFire    . . .     SeeInvis .   b - +0 club
rCold    . . .     Gourm    .   (no shield)
rNeg     . . .     Faith    .   g - +0 leather armour
rPois    .         Spirit   .   (no helmet)
rElec    .         Reflect  .   (no cloak)
rCorr    .         Harm     .   (no gloves)
MR       .....                  (no boots)
Stlth    ++........             (no amulet)
HPRegen  0.00/turn              (no ring)
MPRegen  0.09/turn              (no ring)

@: non-regenerating
A: damage resistance, heal wounds, sense surroundings 1, no regeneration
a: Heal Wounds


You were on level 2 of the Dungeon.
You were not hungry.

You visited 1 branch of the dungeon, and saw 2 of its levels.

You collected 70 gold pieces.

Inventory:

Hand Weapons
 b - a +0 club (weapon)
Armour
 g - a +0 leather armour (worn)
Scrolls
 e - a scroll of amnesia {unknown}
 f - a scroll of fog {unknown}
Potions
 d - 2 potions of flight {unknown}
Comestibles
 c - 3 rations


   Skills:
 * Level 2.6 Dodging
 + Level 2.5 Stealth
 + Level 2.1 Spellcasting
 + Level 0.9 Conjurations
 - Level 2.6 Fire Magic


You had 4 spell levels left.
You knew the following spells:

 Your Spells              Type           Power        Failure   Level  Hunger
a - Foxfire               Conj/Fire      #...         14%         1    #......

Your spell library contained the following spells:

 Spells                   Type           Power        Failure   Level  Hunger
 Conjure Flame            Conj/Fire      #.......     38%         3    ###....
 Inner Flame              Hex/Fire       #.......     45%         3    ###....
 Sticky Flame             Conj/Fire      #.......     80%         4    #####..
 Fireball                 Conj/Fire      #.........   98%         5    ######.


Dungeon Overview and Level Annotations

Branches:
Dungeon (2/15)

Altars:


Innate Abilities, Weirdness & Mutations

You are resistant to damage.
You can heal yourself by infusing magical energy.
You passively map a small area around you.
You do not regenerate.


Message History

You conjure some foxfire!
The foxfire hits the orc.
The orc is heavily wounded.
The quokka closely misses you. The orc closely misses you.
The foxfire hits the orc.
You kill the orc!
You have reached level 2!
An adder comes into view.
The quokka barely misses you. The quokka bites you.
Unknown command.
Casting: Foxfire (safe; 14% risk of failure)
Confirm with . or Enter, or press ? or * to list all spells.
You conjure some foxfire!
The quokka bites you.
* * * LOW HITPOINT WARNING * * *
The foxfire hits the quokka.
The quokka is moderately wounded.
The foxfire hits the quokka but does no damage.
The quokka is moderately wounded.
The quokka bites you.
You die...

≈ ≈≈ ≈ ≈ .# ≈ ...
, ≈ ≈ ,* #.#* *
≈≈≈ ##.###### ≈≈≈
#....... ,, ≈≈≈P
**#..# ..#
≈≈≈≈≈≈≈♣♣##..# ..#
, * ,
≈≈≈≈≈♣≈...§##..#
≈≈≈≈≈≈≈≈≈.)...@..#
* * ≈
≈≈≈≈P♣≈....r#..###
* ≈≈≈≈
♣♣.##o........ ≈
≈≈≈ ♣o............
* ≈≈ ≈
♣####......... , ≈
* #.....###+ ,
#.##..# , * ,,* ,
#.#*..# , *
#.#*..# * ,


You could see an orc and a quokka.

Vanquished Creatures
  3 orcs
  2 goblins (D:1)
  A kobold (D:1)
6 creatures vanquished.

Vanquished Creatures (others)
  18 foxfires
18 creatures vanquished.

Grand Total: 24 creatures vanquished

Notes
Turn   | Place    | Note
-------+----------+-------------------------------------------
     0 | D:1      | Esekla the Deep Dwarf Fire Elementalist began the quest for
                  | the Orb.
     0 | D:1      | Reached XP level 1. HP: 15/15 MP: 3/3
   259 | D:2      | Reached XP level 2. HP: 5/22 MP: 1/5
   268 | D:2      | HP: 1/22 [quokka (4)]
   269 | D:2      | Slain by a quokka

Illustrated notes

Levels and vault maps discovered:
D:1:      moated_graveyard_arrival, layout_basic
D:2:      layout_basic, lemuel_doored_altar, first_ration, serial_bayou_lake_a

Skill      XL: |  1 |
---------------+----+-----
Spellcasting   | 2 |  2.1
Dodging        | |  2.6
Stealth        | |  2.5
Conjurations   | |  0.9
Fire Magic     | |  2.6

Action                   || total
-------------------------++-------
 Cast: Foxfire           ||    11
Dodge: Dodged            ||    13
